[Event "Canada Day Active"]
[Site "Toronto CAN"]
[Date "1999.07.01"]
[Round "1"]
[White "Cohen, David"]
[Black "O'Connor, Michael"]
[Result "1-0"]
[ECO "B33"]
[WhiteElo "2047"]
[BlackElo "1837"]
[PlyCount "61"]
[GameId "2160767740584171"]
[EventDate "1999.07.01"]
[EventType "swiss (rapid)"]
[EventRounds "6"]
[EventCountry "CAN"]
[TimeControl "1800"]

1. e4 c5 2. Nf3 Nc6 3. d4 cxd4 4. Nxd4 Nf6 5. Nc3 e5 6. Ndb5 d6 7. Bg5 a6 8. Bxf6 gxf6 9. Na3 b5 10. Nd5 f5 11. Bd3 Be6 12. Qd2 Bg7 13. O-O-O O-O 14. Kb1 Rc8 15. f3 Kh8 16. h4 f4 17. Rdg1 f5 18. g3 Nd4 19. Qg2 Rg8 20. c3 Nc6 21. g4 Bxd5 22. exd5 Ne7 23. Qd2 fxg4 24. Rxg4 Nxd5 25. Bf5 Rc5 26. Rhg1 Ne3 27. Rg5 Nxf5 28. Rxf5 Qxh4 29. Qg2 Qe7 30. Rh5 h6 31. Rxh6+ 1-0

[Event "Canada Day Active"]
[Site "Toronto CAN"]
[Date "1999.07.01"]
[Round "2"]
[White "Perovic, Bozidar"]
[Black "Cohen, David"]
[Result "1-0"]
[ECO "A45"]
[WhiteElo "1924"]
[BlackElo "2047"]
[PlyCount "61"]
[GameId "2160767740584172"]
[EventDate "1999.07.01"]
[EventType "swiss (rapid)"]
[EventRounds "6"]
[EventCountry "CAN"]
[TimeControl "1800"]

1. d4 Nf6 2. c3 d5 3. Nf3 Bf5 4. e3 e6 5. Nh4 Bg6 6. Nxg6 hxg6 7. Bd3 Bd6 8. h3 Nbd7 9. Nd2 c6 10. e4 e5 11. exd5 cxd5 12. dxe5 Nxe5 13. Bb5+ Nc6 14. Qe2+ Kf8 15. Nf3 Qc7 16. Be3 Re8 17. O-O-O a6 18. Bxc6 bxc6 19. Qxa6 c5 20. Kb1 Ke7 21. Rhe1 Ne4 22. Bg5+ Kd7 23. Rxd5 f5 24. Red1 Rb8 25. Rxd6+ Nxd6 26. Ne5+ Ke6 27. Nc4 Rhe8 28. Qxd6+ Qxd6 29. Rxd6+ Kf7 30. Rd7+ Kg8 31. Ne3 {etc.} 1-0

[Event "Canada Day Active"]
[Site "Toronto CAN"]
[Date "1999.07.01"]
[Round "3"]
[White "McGrahan, Steve"]
[Black "Cohen, David"]
[Result "1-0"]
[ECO "E01"]
[WhiteElo "1924"]
[BlackElo "2047"]
[PlyCount "82"]
[GameId "2160767740584173"]
[EventDate "1999.07.01"]
[EventType "swiss (rapid)"]
[EventRounds "6"]
[EventCountry "CAN"]
[TimeControl "1800"]

1. d4 Nf6 2. c4 e6 3. g3 d5 4. Bg2 c6 5. cxd5 exd5 6. Qc2 Bd6 7. Nc3 O-O 8. Nf3 Re8 9. Bg5 h6 10. h4 Bg4 11. O-O-O Nbd7 12. Bh3 Bh5 13. Bxd7 Qxd7 14. Bxf6 gxf6 15. Qd2 Qg4 16. Qxh6 Bg6 17. h5 Bf8 18. Qd2 Bh7 19. Rh4 Qf5 20. g4 Qe6 21. Rg1 Kh8 22. g5 b5 23. g6 b4 24. Nd1 Qxe2 25. Qxe2 Rxe2 26. gxh7 Bh6+ 27. Kb1 Rae8 28. Rg8+ Kxh7 29. Rxe8 Rxe8 30. Rh1 Bf8 31. Re1 Rc8 32. Ne3 Kh6 33. Rc1 a5 34. b3 c5 35. Nxd5 Kxh5 36. Nxf6+ Kg6 37. Nd7 Rd8 38. Nxf8+ Rxf8 39. dxc5 Rc8 40. c6 Kf5 41. c7 Kf4 {etc.} 1-0

[Event "Canada Day Active"]
[Site "Toronto CAN"]
[Date "1999.07.01"]
[Round "4"]
[White "Cohen, David"]
[Black "Frilles, Ruperto"]
[Result "0-1"]
[ECO "B08"]
[WhiteElo "2047"]
[BlackElo "2078"]
[PlyCount "94"]
[GameId "2160767740584174"]
[EventDate "1999.07.01"]
[EventType "swiss (rapid)"]
[EventRounds "6"]
[EventCountry "CAN"]
[TimeControl "1800"]

1. e4 c6 2. d4 g6 3. Nc3 Bg7 4. Nf3 d6 5. Be3 Nf6 6. h3 b5 7. a3 a6 8. Bd3 Nbd7 9. O-O Bb7 10. Qd2 h6 11. Rad1 e5 12. dxe5 dxe5 13. Nh2 g5 14. Be2 O-O 15. Ng4 a5 16. b4 axb4 17. axb4 Nxg4 18. Bxg4 Nf6 19. Bf5 Qxd2 20. Rxd2 Ra3 21. Ne2 Bc8 22. Rfd1 Bxf5 23. exf5 Nd5 24. Bc5 Re8 25. Kf1 Bf8 26. Bxf8 Kxf8 27. c3 f6 28. Rc1 Rd8 29. Ke1 Ke7 30. g4 Rd6 31. f3 Ne3 32. Rxd6 Kxd6 33. Kd2 Nc4+ 34. Kd3 Ra2 35. Rc2 Ra1 36. Rc1 Ra2 37. Rc2 Ra8 38. Nc1 Rd8 39. Ke2 Ke7 40. Nd3 Nd6 41. Nc5 Nc4 42. Ra2 Nb6 43. Ra7+ Nd7 44. Ne4 Rf8 45. Rc7 Ra8 46. Rxc6 Ra2+ 47. Ke3 Ra8 {etc.} 0-1

[Event "Canada Day Active"]
[Site "Toronto CAN"]
[Date "1999.07.01"]
[Round "5"]
[White "Cohen, David"]
[Black "Lui, Tommy"]
[Result "1-0"]
[ECO "C34"]
[WhiteElo "2047"]
[BlackElo "1798"]
[PlyCount "69"]
[GameId "2160767740584175"]
[EventDate "1999.07.01"]
[EventType "swiss (rapid)"]
[EventRounds "6"]
[EventCountry "CAN"]
[TimeControl "1800"]

1. e4 e5 2. f4 exf4 3. Nf3 Nf6 4. Nc3 Nc6 5. d4 Bb4 6. Bd3 d6 7. Bxf4 Bg4 8. Be3 Qe7 9. O-O h5 10. Bf2 h4 11. Nd5 Nxd5 12. exd5 Nxd4 13. Bxd4 O-O-O 14. c3 Ba5 15. b4 Bb6 16. Bxb6 axb6 17. Qd2 Rde8 18. Nd4 g5 19. Bf5+ Bxf5 20. Nxf5 Qe5 21. Rae1 Qf6 22. Ne7+ Qxe7 23. Rxe7 Rxe7 24. Qxg5 Re5 25. Qg7 Rhe8 26. Qxf7 R5e7 27. Qf5+ Kb8 28. c4 Re2 29. Qg4 R2e4 30. Qg6 Re2 31. g4 h3 32. Qh5 Rg2+ 33. Kh1 Re3 34. Qxh3 Rxh3 35. Kxg2 {etc.} 1-0

[Event "Canada Day Active"]
[Site "Toronto CAN"]
[Date "1999.07.01"]
[Round "6"]
[White "Bortolotti, Guido"]
[Black "Cohen, David"]
[Result "1-0"]
[ECO "B88"]
[WhiteElo "1859"]
[BlackElo "2047"]
[PlyCount "75"]
[GameId "2160767740584176"]
[EventDate "1999.07.01"]
[EventType "swiss (rapid)"]
[EventRounds "6"]
[EventCountry "CAN"]
[TimeControl "1800"]

1. e4 c5 2. Nf3 Nc6 3. d4 cxd4 4. Nxd4 Nf6 5. Nc3 d6 6. Bc4 e6 7. a4 Be7 8. O-O O-O 9. Kh1 Nxe4 10. Nxe4 d5 11. Bf4 dxe4 12. Nxc6 bxc6 13. Qe2 Bf6 14. c3 Qb6 15. Rab1 a5 16. Qxe4 Ba6 17. Be3 c5 18. Rfd1 Bxc4 19. Qxc4 Rfc8 20. Rd2 Be7 21. Rbd1 Rd8 22. h3 h6 23. Rd7 Qxb2 24. Rxd8+ Rxd8 25. Rxd8+ Bxd8 26. Qxc5 Bf6 27. c4 Qa1+ 28. Kh2 Qxa4 29. Bd2 Qa2 30. Bxa5 Qb2 31. Bb6 Kh7 32. Qb5 Be5+ 33. g3 Qe2 34. Be3 Bc3 35. Qb1+ Kg8 36. Qb8+ Kh7 37. c5 Be1 38. Kg2 {etc.} 1-0